[Event "*** Titled Tuesday 3|2 Blitz"]
[Site "Chess.com"]
[Date "2017.03.07"]
[Round "2"]
[White "chessdude"]
[Black "Cayse"]
[Result "1/2-1/2"]
[WhiteElo "2433"]
[BlackElo "2553"]
[TimeControl "180+2"]
[EndTime "13:28:21 PST"]
[Termination "Game drawn by agreement"]

1. e4 e5 2. Nf3 Nc6 3. Bb5 a6 4.
Ba4 Nf6 5. O-O Be7 6. d3 b5 7. Bb3 d6 8. a3 O-O 9. Nc3 Na5 10.
Ba2 Be6 11. d4 Bxa2 12. Rxa2 Re8 13. Ra1 Bf8 14. Re1 Nc6 15. d5 Ne7 16. Bg5 Ng6 17.
a4 b4 18. Na2 Rb8 19. Bd2 a5 20. c3 bxc3 21. Bxc3 Ra8 22. b4 Qd7 23. b5 Nf4 24. g3 Qg4 25. Nd2 Qg6 26. Qf3 h5 27. Kh1 Nh3 28.
Nc1 Be7 29. Ne2 Ng5 30. Qg2 Ngxe4 31. Nxe4 Qxe4 32. Qxe4 Nxe4 33. Kg2 f5 34. Rec1 Nc5 35. Rc2 g5 36. Bb2 f4 37. f3 Rf8 38. Nc3 g4 39. Rf1 Kh7 40. Ba3 gxf3+ 41. Rxf3 e4 42. Rxf4 Rxf4 43.
gxf4 Rg8+ 44. Kf1 Rg4 45. Bxc5 dxc5 46. Ne2 Bd6 47. Rc4 Kg6 48. Rxe4 Kf5 49. Rc4 Bxf4 50. Rxc5 Bd6 51. Rc6 Rxa4 52. b6 Bxh2 53. bxc7 Bxc7 54. Rxc7 Ke5 55. Rd7 h4 56. Kf2 Ra2 57. Ke3 Ra3+ 58. Kd2 h3 59. Nc3 Ra1 60. Re7+ Kd6 61. Re6+ Kd7 62.
Rh6 Rh1 63. Kc2 h2 64. Kb2 Ke8 65. Rh7 a4 66. Nb5 a3+ 67. Ka2 Kd8 68. Rh8+ Kd7 69.
Rh7+ Kd8 70. Nd4 Rd1 71. Nc6+ Ke8 72. Rxh2 Rxd5 73. Kxa3 Kd7 74. Nb4 Rc5 75. Kb3 Kd6 76. Rh6+ Kd7 77. Nd3 Ra5 78. Kc4 Ke7 79. Nc5 Ra1 80. Kd5 Rd1+ 81. Ke5 Kf7 82. Rh7+ Kg6 83. Rb7 Ra1 84. Rb6+ Kg7 85. Ne4 Re1 86. Rb7+ Kg6 87. Rb6+ Kg7 88. Rb4 Kf7 89. Kf5 Rf1+ 90. Ke5 Re1 91.
Rb2 Kg6 92. Rg2+ Kf7 93. Kd5 Rd1+ 94. Nd2 Kf6 95. Rf2+ Ke7 96. Rh2 Kf6 97. Kd6 Kf5 98. Rf2+ Kg4 99. Ke5 Ra1 100. Rg2+ Kh3 101. Rg8 Kh4 102.
Ne4 Ra5+ 103. Kf4 Kh5 104. Nf6+ Kh6 105. Ng4+ Kh7 106. Rc8 Kg6 107. Rc6+ Kf7 108. Ne5+ Ke7 109. Rh6 Ra1 110. Nc6+ Kd7 111. Ke5 Re1+ 112. Kd5 Rd1+ 113. Nd4 Ke7 114. Re6+ Kf7 115. Re3 Rd2 116. Ke5 Rf2 117. Nf3 Ra2 118. Rc3 Ra5+ 119. Kf4 Ke6 1/2-1/2

[Event "*** Titled Tuesday 3|2 Blitz"]
[Site "Chess.com"]
[Date "2017.03.07"]
[Round "2"]
[White "ChadaevNikolay"]
[Black "Mischuk_D"]
[Result "1-0"]
[WhiteElo "2641"]
[BlackElo "2463"]
[TimeControl "180+2"]
[EndTime "13:30:31 PST"]
[Termination "ChadaevNikolay won on time"]

1. e4 c5 2. Nc3 Nc6 3. Bb5 Nd4 4.
Nf3 e6 5. O-O Ne7 6. Nxd4 cxd4 7. Ne2 Qb6 8. Ba4 Nc6 9. d3 Be7 10. f4 d6 11. f5 exf5 12. exf5 O-O 13. Ng3 Ne5 14. Bb3 Bf6 15. Ne4 Qd8 16. Qh5 d5 17. Nxf6+ Qxf6 18. Bg5 Qd6 19. f6 Be6 20. fxg7 Rfe8 21.
Bf4 f6 22. Rae1 Bf7 23. Qh6 Re6 24. Bg3 Rae8 25. Qf4 Qc5 26. h3 Ng6 27. Qf2 Rxe1 28. Rxe1 Rxe1+ 29. Qxe1 Kxg7 30. Bf2 Ne5 31. Qd2 Nc6 32.
Qf4 b5 33. c3 a5 34. Bxd4 Nxd4 35. Qxd4 Qxd4+ 36. cxd4 Kf8 37. Kf2 Ke7 38. Ke3 Kd6 39. Bd1 b4 40. g3 h6 41. h4 Bg6 42. a3 Bh7 43. axb4 axb4 44. Be2 Bf5 45. Kf4 Be6 46. Bh5 Bd7 47. Bg6 Be6 48. Bf5 Bf7 49. Ke3 Bh5 50. Kd2 Kc6 51. Kc2 Bf7 52. Kb3 Kb5 53.
Bd7+ Ka5 54. Bf5 Bg8 55. Bd7 Bf7 56. g4 Bg8 57. Kc2 Kb6 58. Kd2 Kc7 59. Bf5 Bf7 60. Ke3 Kd6 61. Kf4 Be8 62. Bh7 Bd7 63. Bg6 Bc8 64. g5 fxg5+ 65. hxg5 hxg5+ 66. Kxg5 Bd7 67. Kf6 Bc8 68. Bf5 Ba6 69. Kf7 Bb5 70. Kf6 Ba4 71. Bg4 Bb5 72. Kf7 Ba4 73. Bf3 Bb5 74.
Be2 Ba4 75. Kf6 Bb5 76. Kf5 Ba4 77. Kf4 Bb3 78. Ke3 Ba4 79. Kd2 Kc7 80. Bd1 Bb5 81. Bh5 Bd7 82. Kc2 Kb6 83. Bf7 Bc6 84. Kb3 Ka5 85. Be6 Ba4+ 86. Ka2 Bc6 87. Kb1 Kb6 88.
Kc2 Bb7 89. Kb3 Ka5 90. Bd7 Ba8 91. Kc2 Kb6 92. Be8 Bb7 93. Kd2 Bc8 94. Ke3 Kc7 95. Kf4 Kd6 96. Bb5 Be6 97. Kg5 Ke7 98. Ba4 Bg8 99.
Kf5 Kd6 100. Kf6 Bh7 101. Bc2 Bg8 102. Bd1 Be6 103. Ba4 Bg4 104. Kf7 Bh5+ 105. Kf8 Bg6 106. Bb5 Bh5 107. Be8 Be2 108. Bg6 Bd1 109. Ke8 Ba4+ 110. Kd8 Bd7 111. Bh7 Bb5 112. Kc8 Ba4 113. Kb7 Bc2 114. Kb6 b3 115. Kb5 Bb1 116. Kb4 Bc2 117. Bg6 Kd7 118. Kc3 Kd6 119. Be8 Kc7 120. Ba4 Bd1 121. Bxb3 Bh5 122. Kb4 Kd6 123. Ka5 Be2 124. Bc2 Kc6 125. b4 Bg4 126. b5+ Kb7 127. Bb3 Be6 128. b6 Bd7 129. Bxd5+ Kb8 130. Kb4 Bc8 131. Kc5 Bf5 132. Bc4 Bd7 133. d5 Kb7 134. d6 Bf5 135. d4 Bd7 136. Bd5+ Kb8 137. Bc6 Bf5 138. d7 Bxd7 139. Bxd7 Kb7 140. Bc6+ Kb8 141. d5 Kc8 142. d6 Kb8 143. b7 Ka7 144. d7 1-0

[Event "*** Titled Tuesday 3|2 Blitz"]
[Site "Chess.com"]
[Date "2017.03.07"]
[Round "3"]
[White "chessbia"]
[Black "iturrizaga"]
[Result "0-1"]
[WhiteElo "2120"]
[BlackElo "2636"]
[TimeControl "180+2"]
[EndTime "13:32:35 PST"]
[Termination "iturrizaga won by resignation"]

1. d4 Nf6 2. c4 c5 3. d5 b5 4.
cxb5 a6 5. bxa6 g6 6. Nc3 Bxa6 7. e4 Bxf1 8. Kxf1 d6 9. Nf3 Nbd7 10. g3 Bg7 11. Kg2 O-O 12. a4 Ra6 13. Ra3 Qa8 14.
Qc2 Rc8 15. Re1 c4 16. Be3 Ng4 17. Bd4 Nge5 18. Nd2 Nd3 0-1

[Event "*** Titled Tuesday 3|2 Blitz"]
[Site "Chess.com"]
[Date "2017.03.07"]
[Round "3"]
[White "olomi007"]
[Black "alexsuper1987"]
[Result "1-0"]
[WhiteElo "2475"]
[BlackElo "2181"]
[TimeControl "180+2"]
[EndTime "13:33:52 PST"]
[Termination "olomi007 won by resignation"]

1. e4 e6 2. d4 d5 3. Nd2 c5 4.
exd5 Qxd5 5. Ngf3 cxd4 6. Bc4 Qd6 7. O-O Nf6 8. Nb3 Nc6 9. Nbxd4 Nxd4 10. Nxd4 a6 11. Re1 Be7 12. Bf1 Qc7 13. Qf3 O-O 14. Bf4 Bd6 15. Bxd6 Qxd6 16. Rad1 Qb4 17. Nb3 Bd7 18. c3 Qa4 19. Nc5 Qb5 20. Bxb5 1-0

[Event "*** Titled Tuesday 3|2 Blitz"]
[Site "Chess.com"]
[Date "2017.03.07"]
[Round "3"]
[White "JeremDev"]
[Black "Tash_Boy"]
[Result "1-0"]
[WhiteElo "2231"]
[BlackElo "2501"]
[TimeControl "180+2"]
[EndTime "13:34:38 PST"]
[Termination "JeremDev won by resignation"]

1. e4 e5 2. Nf3 Nc6 3. Bc4 Bc5 4. O-O Nf6 5. d4 Bxd4 6. Nxd4 Nxd4 7. f4 d6 8. fxe5 dxe5 9. Bg5 Qe7 10. Nc3 Be6 11. Nd5 Bxd5 12. Bxd5 c6 13. c3 Ne6 14. Bxe6 Qxe6 15.
Bxf6 gxf6 16. Qh5 O-O-O 17. Qh6 Rd2 18. Qxd2 Rg8 19. Rad1 Kc7 20. b3 h5 21. c4 b6 22. c5 h4 23. Qd6+ 1-0

[Event "*** Titled Tuesday 3|2 Blitz"]
[Site "Chess.com"]
[Date "2017.03.07"]
[Round "3"]
[White "AllStarShark"]
[Black "MyleneFarmer"]
[Result "0-1"]
[WhiteElo "2261"]
[BlackElo "2361"]
[TimeControl "180+2"]
[EndTime "13:35:03 PST"]
[Termination "MyleneFarmer won by checkmate"]

1. d4 d5 2. Bf4 Nf6 3. e3 Bf5 4.
c4 e6 5. Nc3 c5 6. cxd5 exd5 7.
Nf3 Nc6 8. Bd3 Bxd3 9. Qxd3 cxd4 10. Nxd4 Be7 11. Nf5 O-O 12. Nxe7+ Qxe7 13. O-O Rad8 14.
Qb5 d4 15. exd4 Nxd4 16. Qa4 b5 17. Qa6 b4 18. Rae1 Ne6 19. Ne4 Nxf4 20. Nxf6+ Qxf6 21. Qxa7 Rd2 22. Qa4 Rxb2 23. Re8 g6 24. Rxf8+ Kxf8 25.
g3 Nd3 26. Qb5 Nxf2 27. Qd5 Nh3+ 28. Kh1 Qxf1# 0-1

[Event "*** Titled Tuesday 3|2 Blitz"]
[Site "Chess.com"]
[Date "2017.03.07"]
[Round "3"]
[White "littleozy"]
[Black "Jahonas"]
[Result "1-0"]
[WhiteElo "2286"]
[BlackElo "2165"]
[TimeControl "180+2"]
[EndTime "13:35:30 PST"]
[Termination "littleozy won by resignation"]

1. d4 Nf6 2. c4 g6 3. Nc3 d5 4. Nf3 Bg7 5. g3 O-O 6. Bg2 c6 7. cxd5 Nxd5 8. O-O Nxc3 9. bxc3 Nd7 10. Be3 e5 11. Qd2 Qe7 12. Bh6 Re8 13. Bxg7 Kxg7 14.
e3 exd4 15. cxd4 Nf6 16. Ne5 Be6 17. Rab1 Bd5 18. Rb2 Bxg2 19. Kxg2 Ne4 20. Qc2 f6 21. Qxe4 fxe5 22. dxe5 Qxe5 23. Rxb7+ Kh6 24. Qxe5 Rxe5 25.
Rc1 Ra5 26. Rc2 Rc8 27. h4 c5 28. Rd2 c4 29. Rdd7 Rh8 30. g4 Rxa2 31. Kg3 1-0

[Event "*** Titled Tuesday 3|2 Blitz"]
[Site "Chess.com"]
[Date "2017.03.07"]
[Round "3"]
[White "Vegan4future"]
[Black "pedroholly22"]
[Result "1-0"]
[WhiteElo "2271"]
[BlackElo "2271"]
[TimeControl "180+2"]
[EndTime "13:36:12 PST"]
[Termination "Vegan4future won by resignation"]

1. e4 e6 2. Nf3 d5 3. Nc3 Nf6 4.
e5 Nfd7 5. d4 c5 6. dxc5 Nc6 7.
Bf4 Bxc5 8. Bd3 O-O 9. O-O f6 10. exf6 Qxf6 11. Bg3 Nde5 12. Nxe5 Nxe5 13. Bxh7+ Kxh7 14. Qh5+ Kg8 15. Qxe5 Qxe5 16. Bxe5 Bd7 17. Rad1 Rf5 18.
Bd4 Bd6 19. f3 a6 20. Rfe1 Rc8 21. a3 b5 22. Rd2 a5 23. Nd1 b4 24. axb4 axb4 25.
Ne3 Rf4 26. Kh1 Kf7 27. Ng4 Rh8 28. Be5 Bxe5 29. Nxe5+ Ke8 30. Ng6 Rff8 31. Nxh8 Rxh8 32. Rxd5 1-0

[Event "*** Titled Tuesday 3|2 Blitz"]
[Site "Chess.com"]
[Date "2017.03.07"]
[Round "3"]
[White "WanderingPuppet"]
[Black "Noukii"]
[Result "0-1"]
[WhiteElo "2336"]
[BlackElo "2658"]
[TimeControl "180+2"]
[EndTime "13:36:14 PST"]
[Termination "Noukii won by resignation"]

1. e4 Nf6 2. e5 Nd5 3. d4 d6 4.
Bc4 Nb6 5. Bb3 Bf5 6. Nf3 e6 7. O-O Nc6 8. exd6 Bxd6 9. c4 Be7 10.
d5 Na5 11. Nc3 O-O 12. Qe2 exd5 13. cxd5 Nxb3 14. axb3 Re8 15. Be3 Nxd5 16. Nxd5 Qxd5 17. Qc4 Qxc4 18. bxc4 a5 19. Nd4 Bd3 20. Rfc1 Bf6 21.
Ra3 Bg6 22. c5 Rad8 23. Rd1 Bxd4 0-1

[Event "*** Titled Tuesday 3|2 Blitz"]
[Site "Chess.com"]
[Date "2017.03.07"]
[Round "3"]
[White "Hanging_pointer"]
[Black "AlexZambrano"]
[Result "0-1"]
[WhiteElo "2278"]
[BlackElo "2269"]
[TimeControl "180+2"]
[EndTime "13:36:14 PST"]
[Termination "AlexZambrano won by resignation"]

1. e4 e5 2. Nf3 Nc6 3. Bc4 Bc5 4.
O-O Nf6 5. d3 a6 6. c3 Ba7 7.
Bb3 d6 8. Nbd2 O-O 9. h3 Kh8 10. Re1 Nd7 11. Nf1 Nc5 12. Bc2 f5 13. exf5 Bxf5 14.
Ng3 Bg6 15. Bg5 Qd7 16. Nh4 Bf7 17. a4 Ne6 18. Be3 Bxe3 19. fxe3 d5 20. d4 Ng5 21. Bf5 Qe7 22. Qg4 g6 23. Bc2 Be6 24. Qe2 Nxh3+ 25. gxh3 Qxh4 26. Qh2 Rf3 0-1

[Event "*** Titled Tuesday 3|2 Blitz"]
[Site "Chess.com"]
[Date "2017.03.07"]
[Round "3"]
[White "Matibar"]
[Black "Dr-Bassem"]
[Result "0-1"]
[WhiteElo "2531"]
[BlackElo "2640"]
[TimeControl "180+2"]
[EndTime "13:36:38 PST"]
[Termination "Dr-Bassem won by resignation"]

1. g3 e5 2. Bg2 d5 3. c3 Nf6 4. d4 e4 5. Nh3 Bd6 6. O-O O-O 7. f3 h6 8. Nf2 exf3 9. exf3 Re8 10. Nd2 Bf5 11. Nb3 Nbd7 12. Re1 Nb6 13. Na5 Rb8 14.
Be3 c6 15. Qd2 Qc7 16. a4 Re6 17. b3 Rbe8 18. c4 dxc4 19. bxc4 Nbd5 20. cxd5 Nxd5 21. Nc4 Bb4 22. Qb2 Bxe1 23. Ne4 Bxe4 24. Rxe1 0-1

[Event "*** Titled Tuesday 3|2 Blitz"]
[Site "Chess.com"]
[Date "2017.03.07"]
[Round "3"]
[White "attack2mateU"]
[Black "SantoBlue"]
[Result "0-1"]
[WhiteElo "2327"]
[BlackElo "2391"]
[TimeControl "180+2"]
[EndTime "13:36:38 PST"]
[Termination "SantoBlue won by resignation"]

1. e4 e5 2. Nf3 Nc6 3. Bb5 a6 4.
Ba4 Nf6 5. O-O Be7 6. Re1 b5 7. Bb3 O-O 8. c3 d6 9. h3 Na5 10. Bc2 d5 11. Nxe5 dxe4 12. d4 exd3 13. Qxd3 Bb7 14.
Bf4 Qd5 15. Qxd5 Nxd5 16. Bg3 Bg5 17. Nf3 Bh6 18. Nbd2 Nb6 19. Bxc7 Nac4 20. Nxc4 Nxc4 21. b3 Rfc8 22. bxc4 Rxc7 23. cxb5 Rxc3 24. Bb3 Bxf3 25. gxf3 axb5 26. Kg2 g6 27. Re7 Rxb3 28. Rd1 Rb4 0-1

[Event "*** Titled Tuesday 3|2 Blitz"]
[Site "Chess.com"]
[Date "2017.03.07"]
[Round "3"]
[White "Andrejkin"]
[Black "P0ubelle"]
[Result "1-0"]
[WhiteElo "2242"]
[BlackElo "2043"]
[TimeControl "180+2"]
[EndTime "13:36:39 PST"]
[Termination "Andrejkin won by resignation"]

1. d4 Nf6 2. c4 g6 3. Nf3 Bg7 4.
Nc3 O-O 5. e4 d6 6. h3 e5 7. d5 Nbd7 8. Bg5 a6 9. Nd2 Kh8 10.
Be2 Qe8 11. b4 Ng8 12. O-O f5 13. exf5 Rxf5 14. Nde4 Ndf6 15. c5 Nxe4 16. Nxe4 Nf6 17. Bxf6 Rxf6 18. Nxf6 Bxf6 19. Rc1 Be7 20. Bg4 Qf7 21.
Bxc8 Rxc8 22. f4 exf4 23. Qd4+ Qg7 24. Qxf4 Rf8 25. Qg3 Qd4+ 26. Kh1 Rxf1+ 27. Rxf1 Qxd5 28. Qe1 Qe5 29. Qxe5+ dxe5 30. Rf7 Bg5 31. Rxc7 e4 32. Rxb7 Bh4 33. c6 e3 1-0

[Event "*** Titled Tuesday 3|2 Blitz"]
[Site "Chess.com"]
[Date "2017.03.07"]
[Round "3"]
[White "peteseeger"]
[Black "proxy6"]
[Result "0-1"]
[WhiteElo "2080"]
[BlackElo "2148"]
[TimeControl "180+2"]
[EndTime "13:36:50 PST"]
[Termination "proxy6 won by resignation"]

1. e4 e5 2. Nf3 Nc6 3. Bc4 Bc5 4.
O-O Nf6 5. d3 d6 6. c3 a6 7. Bb3 Ba7 8. Nbd2 O-O 9. h3 Ne7 10. Re1 Ng6 11. Nf1 h6 12. Ng3 Re8 13.
d4 Be6 14. Bc2 c6 15. Nf5 Qc7 16. Nh2 Bxf5 17. exf5 Nf8 18. Be3 exd4 19. cxd4 N8h7 20. Qf3 Nd5 21. Ng4 Nxe3 22. fxe3 f6 23. Kh1 d5 24.
Bb3 Kh8 25. Qf2 Bb8 26. Kg1 h5 27. e4 hxg4 28. e5 fxe5 29. dxe5 Ba7 0-1

[Event "*** Titled Tuesday 3|2 Blitz"]
[Site "Chess.com"]
[Date "2017.03.07"]
[Round "3"]
[White "Makalexa"]
[Black "SCIM"]
[Result "0-1"]
[WhiteElo "2118"]
[BlackElo "2316"]
[TimeControl "180+2"]
[EndTime "13:37:11 PST"]
[Termination "SCIM won by checkmate"]

1. e4 c5 2. Nf3 e6 3. d4 cxd4 4.
Nxd4 Nc6 5. Nc3 Qc7 6. Ndb5 Qb8 7. Be3 a6 8. Bb6 axb5 9. Nxb5 Bb4+ 10. c3 Ba5 11. Nc7+ Qxc7 12. Bxc7 Bxc7 13. Qg4 g6 14.
Bb5 Nge7 15. O-O O-O 16. a4 d5 17. exd5 exd5 18. Qe2 Be6 19. b4 d4 20. Rfc1 dxc3 21. Rxc3 Be5 22. Rxc6 Nxc6 23. Rc1 Bf4 24. Rc4 Bxc4 25. Qxc4 Bd6 26. Bxc6 bxc6 27. Qxc6 Bxb4 28. Kf1 Rfc8 29. Qb5 Rab8 30. Qd7 Rd8 31. Qc6 Rbc8 32. Qf3 Rc1+ 33. Ke2 Re1# 0-1

[Event "*** Titled Tuesday 3|2 Blitz"]
[Site "Chess.com"]
[Date "2017.03.07"]
[Round "3"]
[White "MatBobula"]
[Black "saraswathii"]
[Result "1-0"]
[WhiteElo "2282"]
[BlackElo "2151"]
[TimeControl "180+2"]
[EndTime "13:37:11 PST"]
[Termination "MatBobula won by resignation"]

1. d4 d5 2. c4 c6 3. Nf3 Nf6 4.
Nc3 Bf5 5. cxd5 cxd5 6. Qb3 Bc8 7. Bf4 e6 8. e3 Bd6 9. Bb5+ Nc6 10. Ne5 Bxe5 11.
Bxe5 O-O 12. Bg3 Bd7 13. O-O a6 14. Bd3 b5 15. Rac1 Na5 16. Qc2 Nc4 17. b3 Nb6 18.
Bd6 Re8 19. Bc5 Rc8 20. a4 bxa4 21. bxa4 a5 22. Qb3 Rb8 23. Bd6 Bxa4 24. Qa3 Rc8 25. Nxa4 Rxc1 26. Rxc1 Nxa4 27. Bb5 Nb6 28. Bc7 1-0

[Event "*** Titled Tuesday 3|2 Blitz"]
[Site "Chess.com"]
[Date "2017.03.07"]
[Round "3"]
[White "GianmarcoVaR"]
[Black "jcgs1030"]
[Result "1-0"]
[WhiteElo "2419"]
[BlackElo "2299"]
[TimeControl "180+2"]
[EndTime "13:37:15 PST"]
[Termination "GianmarcoVaR won by resignation"]

1. d4 Nf6 2. Nf3 g6 3. Bg5 Ne4 4. Bh4 Bg7 5. c3 O-O 6. e3 d5 7. Be2 c5 8. O-O Nc6 9. Nbd2 Bg4 10. Nxe4 dxe4 11. Nd2 Bxe2 12. Qxe2 cxd4 13. exd4 f5 14.
f3 exf3 15. Nxf3 Qb6 16. Rab1 e5 17. Ng5 exd4 18. Qc4+ Kh8 19. Nf7+ Rxf7 20. Qxf7 dxc3+ 21. Kh1 Ne5 22. Qe7 cxb2 23. h3 Rc8 24. Rfd1 h6 25. Bg3 Nc6 26. Qe6 Na5 27. Qxc8+ Kh7 28. Rd7 Qe6 29.
Rxg7+ 1-0

[Event "*** Titled Tuesday 3|2 Blitz"]
[Site "Chess.com"]
[Date "2017.03.07"]
[Round "3"]
[White "Rating-Schmating"]
[Black "SwiftyMcBishop"]
[Result "0-1"]
[WhiteElo "2276"]
[BlackElo "2180"]
[TimeControl "180+2"]
[EndTime "13:37:16 PST"]
[Termination "SwiftyMcBishop won by checkmate"]

1. e4 d5 2. exd5 Qxd5 3. Nc3 Qa5 4. g3 c6 5. Bg2 Nf6 6. Nge2 e5 7. d3 Be7 8. O-O O-O 9. Be3 Be6 10. Ne4 Nbd7 11.
N2c3 Nxe4 12. dxe4 Nb6 13. Qe2 Bc4 14. Bxb6 Qa6 15.
Qg4 Bxf1 16. Bc7 Bxg2 17. Bxe5 f6 18. Qe6+ Rf7 19. Kxg2 fxe5 20. Rd1 Rf8 21. Rd7 Bc5 22. Rxf7 Rxf7 23. Qe8+ Rf8 24. Qe6+ Kh8 25. Qxe5 Rxf2+ 26. Kh3 Qf1+ 27. Kh4 Rxh2+ 28. Kg4 Qh3+ 29. Kf4 Rf2+ 30. Kg5 Be3+ 31. Qf4 Bxf4+ 32. gxf4 h6+ 33. Kg6 Rxf4 34.
Nd5 cxd5 35. e5 Qf5# 0-1

[Event "*** Titled Tuesday 3|2 Blitz"]
[Site "Chess.com"]
[Date "2017.03.07"]
[Round "3"]
[White "quesfr"]
[Black "EmeseBalogh"]
[Result "1-0"]
[WhiteElo "2162"]
[BlackElo "1991"]
[TimeControl "180+2"]
[EndTime "13:37:22 PST"]
[Termination "quesfr won by checkmate"]

1. e4 d5 2. exd5 Qxd5 3. Nc3 Qd6 4.
d4 c6 5. Ne4 Qd8 6. c4 Nf6 7.
Nc3 e6 8. Nf3 Be7 9. Bd3 O-O 10.
Be3 Nbd7 11. h3 b6 12. O-O Bb7 13. Qe2 Qc7 14. Rad1 a6 15. Rfe1 c5 16. b3 Bd6 17.
Bb1 Rfe8 18. Ng5 h6 19. Nge4 Nxe4 20. Nxe4 Bf4 21. Qc2 Bxe3 22. Rxe3 cxd4 23. Rxd4 Nf8 24. Rg3 Red8 25. Qd2 Rxd4 26. Nf6+ Kh8 27. Qxh6+ gxh6 28. Rg8# 1-0

[Event "*** Titled Tuesday 3|2 Blitz"]
[Site "Chess.com"]
[Date "2017.03.07"]
[Round "3"]
[White "platy3"]
[Black "chessking2151"]
[Result "1-0"]
[WhiteElo "2580"]
[BlackElo "2381"]
[TimeControl "180+2"]
[EndTime "13:37:29 PST"]
[Termination "platy3 won by resignation"]

1. e4 e5 2. Nf3 Nc6 3. Bb5 f5 4.
Nc3 fxe4 5. Nxe4 Nf6 6. Qe2 d5 7. Nxf6+ gxf6 8. d4 Bg7 9. dxe5 O-O 10. e6 Ne5 11. O-O c6 12. Bd3 Re8 13. Nxe5 fxe5 14. Qh5 e4 15. Bg5 Bxe6 16. Bxd8 Raxd8 17. Be2 Bf7 18. Qh3 Kh8 19. Bh5 Be6 20. Bg4 Bg8 21. c3 Rf8 22.
Rad1 Rd6 23. Qe3 b6 24. f3 Bh6 25. Qd4+ Bg7 26. Qd2 Bh6 27. Qe2 e3 28. f4 Re8 29.
Rf3 Bf8 30. Rxe3 Rxe3 31. Qxe3 Rg6 32. Qf3 Bc5+ 33. Kh1 Rf6 34. Re1 Bf7 35. Bh5 Bg8 36. Re8 Bf8 37. Qg4 1-0

[Event "*** Titled Tuesday 3|2 Blitz"]
[Site "Chess.com"]
[Date "2017.03.07"]
[Round "3"]
[White "RoelandPruijssers"]
[Black "IMcoach"]
[Result "1-0"]
[WhiteElo "2502"]
[BlackElo "2314"]
[TimeControl "180+2"]
[EndTime "13:37:32 PST"]
[Termination "RoelandPruijssers won on time"]

1. e4 c5 2. Nf3 d6 3. d4 cxd4 4. Nxd4 Nf6 5. Nc3 a6 6. Be3 h5 7. a4 Nbd7 8. Nb3 g6 9. f4 b6 10. Bd3 Bb7 11. O-O Bg7 12. Qe2 Qc7 13. Rae1 h4 14.
Bd2 Rh5 15. h3 Kf8 16. Kh2 Kg8 17. Qf2 Bh6 18. Be2 Nxe4 19. Nxe4 Bxe4 20. Bxh5 Bxc2 21. Bf3 Bxb3 22. Bxa8 1-0

[Event "*** Titled Tuesday 3|2 Blitz"]
[Site "Chess.com"]
[Date "2017.03.07"]
[Round "3"]
[White "JSMastropiero"]
[Black "Journey_to_GrandMaster_YT"]
[Result "0-1"]
[WhiteElo "2199"]
[BlackElo "2378"]
[TimeControl "180+2"]
[EndTime "13:37:32 PST"]
[Termination "Journey_to_GrandMaster_YT won by resignation"]

1. c4 Nf6 2. Nc3 d6 3. d4 Nbd7 4. Nf3 e5 5. Bg5 Be7 6. Qc2 O-O 7. e3 c6 8. O-O-O Qc7 9. Kb1 a6 10. Bd3 h6 11. h4 Re8 12. Bxf6 Bxf6 13. g4 Bd8 14. g5 h5 15. g6 f6 16. Qe2 Nf8 17. Nh2 exd4 18. Ne4 Bf5 19. Ng3 Bxd3+ 20. Rxd3 dxe3 21.
fxe3 Nxg6 22. Qxh5 Qf7 23. Nf5 Ne5 24. Qxf7+ Nxf7 25. Rg1 g5 26. Nxd6 Nxd6 27. Rxd6 Rxe3 28. hxg5 fxg5 29. Ng4 Rf3 30. Ne5 Rf5 31. Nf3 Rxf3 0-1

[Event "*** Titled Tuesday 3|2 Blitz"]
[Site "Chess.com"]
[Date "2017.03.07"]
[Round "3"]
[White "Incognito_Knight"]
[Black "Grebeniuk-S"]
[Result "1-0"]
[WhiteElo "2394"]
[BlackElo "2426"]
[TimeControl "180+2"]
[EndTime "13:37:35 PST"]
[Termination "Incognito_Knight won by resignation"]

1. e4 d5 2. exd5 Qxd5 3. Nc3 Qa5 4. d4 Nf6 5. Bc4 c6 6. Nf3 Bg4 7. h3 Bxf3 8. Qxf3 Nbd7 9. O-O e6 10. Bf4 Be7 11.
Rfe1 O-O 12. a3 Rfe8 13. Rad1 Qh5 14. g4 Qa5 15. Bd3 h6 16. Ne2 Qd5 17. Qe3 Qa2 18.
c4 Qxb2 19. Rb1 Qxa3 20. Rxb7 Rab8 21. Bxb8 Rxb8 22. Rxb8+ Nxb8 23. Rb1 Nbd7 24. Nf4 Bd6 25. c5 Bxf4 26. Bh7+ Kxh7 27. Qxa3 e5 28. Qa4 exd4 29. Qxc6 Ne5 30. Qa4 Nd5 31. Kg2 d3 32. Qe4+ 1-0

[Event "*** Titled Tuesday 3|2 Blitz"]
[Site "Chess.com"]
[Date "2017.03.07"]
[Round "3"]
[White "aa175"]
[Black "Abdodi"]
[Result "0-1"]
[WhiteElo "1857"]
[BlackElo "2017"]
[TimeControl "180+2"]
[EndTime "13:37:38 PST"]
[Termination "Abdodi won by checkmate"]

1. e4 c6 2. d4 d5 3. e5 Bf5 4. Nf3 e6 5. c4 Ne7 6. Bg5 Qa5+ 7. Nc3 dxc4 8. Bxc4 Nd5 9. Bd2 Nxc3 10.
Bxc3 Bb4 11. Qd2 Bxc3 12. bxc3 O-O 13. Bd3 Bxd3 14. Qxd3 Qa6 15. Qxa6 Nxa6 16. O-O Nc7 17. Rab1 b5 18. Rfc1 Rab8 19. Ne1 Na8 20. Nd3 Nb6 21.
Nc5 Rfd8 22. Rb3 Nc4 23. Rc2 Nxe5 24. Rcb2 Nc4 25. Rc2 a5 26. Re2 h6 27. h3 Nb6 28.
Reb2 a4 29. Rb4 Nd5 30. Rc2 Nxb4 31. cxb4 Rxd4 32. a3 Rbd8 33. Nb7 Rd1+ 34. Kh2 R8d2 35. Rxc6 Rxf2 36. Rc8+ Kh7 37. Rc7 Rdd2 38. Kh1 Rxg2 39. Rxf7 Rge2 40. Rf1 Rh2+ 41. Kg1 Rdg2# 0-1

[Event "*** Titled Tuesday 3|2 Blitz"]
[Site "Chess.com"]
[Date "2017.03.07"]
[Round "3"]
[White "TheNextLevelFan"]
[Black "SergeiAza"]
[Result "0-1"]
[WhiteElo "2360"]
[BlackElo "2607"]
[TimeControl "180+2"]
[EndTime "13:37:41 PST"]
[Termination "SergeiAza won by resignation"]

1. d4 d5 2. c4 e6 3. Nf3 Nf6 4. Nc3 Be7 5. Bf4 O-O 6. e3 b6 7.
Rc1 c5 8. cxd5 Nxd5 9. Nxd5 exd5 10. Bd3 c4 11. Bb1 Nc6 12. O-O Be6 13. a3 b5 14. Qc2 g6 15. Qe2 Re8 16. Rfd1 a5 17. h3 b4 18. axb4 axb4 19. e4 Qd7 20. Ne5 Nxe5 21.
Bxe5 f6 22. Bf4 Bf8 23. Qf3 Rad8 24. Bg3 Qf7 25. Bh4 Bg7 26. e5 g5 27. exf6 gxh4 28. fxg7 Qxf3 29. gxf3 Kxg7 30. Kh2 Bf7 31. Rg1+ Kf6 32. Rg4 Re2 33. Rf4+ Kg7 34. Rg1+ Bg6 35.
Bxg6 hxg6 36. Rxh4 Rxb2 37. Kg3 b3 0-1

[Event "*** Titled Tuesday 3|2 Blitz"]
[Site "Chess.com"]
[Date "2017.03.07"]
[Round "3"]
[White "ER404"]
[Black "kereswasbest"]
[Result "1-0"]
[WhiteElo "2221"]
[BlackElo "2056"]
[TimeControl "180+2"]
[EndTime "13:37:55 PST"]
[Termination "ER404 won by resignation"]

1. e4 e5 2. Nf3 Nc6 3. Bc4 Bc5 4.
c3 Nf6 5. d4 exd4 6. O-O Nxe4 7. cxd4 Be7 8. d5 Nb8 9. Re1 Nd6 10. Bd3 O-O 11. Nc3 b6 12. Bf4 Bb7 13. Bc2 Na6 14. Qd3 g6 15. a3 Nc5 16. Qd2 Nc4 17. Qe2 Nxb2 18. Qxe7 Nbd3 19. Bxd3 Nxd3 20. Qxd8 Raxd8 21. Re4 Rde8 22. Rxe8 Rxe8 23. Bxc7 Rc8 24. d6 Bxf3 25.
gxf3 Ne5 26. Nd5 Kg7 27. Kg2 Nc4 28. Re1 Nxa3 29. Re7 b5 30. Rxd7 b4 31. Nxb4 Nb5 32. Nd5 a6 33. Re7 Nd4 34. d7 1-0

[Event "*** Titled Tuesday 3|2 Blitz"]
[Site "Chess.com"]
[Date "2017.03.07"]
[Round "3"]
[White "jk13"]
[Black "amaidel"]
[Result "1-0"]
[WhiteElo "2503"]
[BlackElo "2445"]
[TimeControl "180+2"]
[EndTime "13:38:01 PST"]
[Termination "jk13 won by resignation"]

1. d4 d5 2. Bf4 Nf6 3. e3 c5 4.
Nc3 a6 5. dxc5 e6 6. b4 Nc6 7. Rb1 Be7 8. Nf3 O-O 9. Bd3 a5 10. a3 axb4 11. axb4 Nd7 12. Bg3 f5 13. Bb5 Bf6 14.
Ne2 Nce5 15. Nf4 Qe7 16. Nd4 g5 17. Nfxe6 f4 18. exf4 gxf4 19. Bxf4 Ng6 20. Be3 Bxd4 21. Nxd4 Nde5 22. O-O Bg4 23. Qd2 Nh4 24. f4 Neg6 25. Rbe1 Qg7 26. Kh1 Rad8 27. Bd3 Nf5 28. Nxf5 Bxf5 29.
Bxf5 Rxf5 30. Bd4 Qh6 31. g3 Nf8 32. Re7 Ne6 33. Re1 Nxd4 34. Qxd4 Rh5 35. R1e2 Qa6 1-0